 Dungeon Crawl Stone Soup version 0.26.1-11-gd32895ea62 (webtiles) character file.

Game seed: 6654731430349888494

3656 buriedalive the Nimble (level 9, -5/45 HPs)
             Began as a Deep Elf Ice Elementalist on June 2, 2021.
             Was an Initiate of Ashenzari.
             Slain by a hornet zombie (10 damage)
             ... on level 8 of the Dungeon.
             The game lasted 00:19:18 (11051 turns).

buriedalive the Nimble (Deep Elf Ice Elementalist) Turns: 11051, Time: 00:19:18

Health: -5/45      AC:  7    Str:  5    XL:     9   Next: 88%
Magic:  17/18      EV: 20    Int: 24    God:    Ashenzari [......]
Gold:   330        SH:  0    Dex: 15    Spells: 11/18 levels left

rFire    . . .     SeeInvis .   w - +2 rapier (venom)
rCold    . . .     Faith    .   (no shield)
rNeg     + . .     Spirit   .   c - +2 robe {rN+}
rPois    .         Reflect  .   (no helmet)
rElec    .         Harm     .   y - +2 cloak
rCorr    .         Rampage  .   (no gloves)
Will     .....                  (no boots)
Stlth    ++........             d - amulet of the acrobat
HPRegen  0.15/turn              (no ring)
MPRegen  0.16/turn              (no ring)

@: no status effects
A: no striking features
a: Renounce Religion, Curse Item


You were on level 8 of the Dungeon.
You worshipped Ashenzari.
Ashenzari was noncommittal.
You visited 2 branches of the dungeon, and saw 9 of its levels.

You collected 330 gold pieces.

Inventory:

Hand Weapons
 g - a +0 dagger
 v - a +1 short sword of freezing
 w - a +2 rapier of venom (weapon)
Missiles
 h - 240 stones
 m - 32 poisoned darts
 t - 8 curare-tipped darts
 B - 4 boomerangs of dispersal
 C - 4 atropa-tipped darts
Armour
 a - a +1 robe
 c - a +2 robe of positive energy (worn)
 y - a +2 cloak (worn)
Jewellery
 d - an amulet of the acrobat (around neck)
 s - an uncursed ring of willpower
Wands
 o - a wand of flame (18)
 p - a wand of iceblast (3)
 q - a wand of disintegration (9)
 D - a wand of acid (6)
Scrolls
 b - 6 scrolls of teleportation
 j - a scroll of immolation {unknown}
 k - 4 scrolls of remove curse
 n - 2 scrolls of amnesia
Potions
 e - a potion of attraction
 f - a potion of resistance {unknown}
 i - a potion of ambrosia
 l - 3 potions of lignification
 r - 2 potions of mutation
 u - a potion of haste
 x - 2 potions of flight {unknown}
 z - 2 potions of curing
 A - a potion of cancellation {unknown}


   Skills:
 + Level 11.7 Dodging
 - Level 2.4 Stealth
 - Level 5.0 Spellcasting
 + Level 11.4 Ice Magic


You had 11 spell levels left.
You knew the following spells:

 Your Spells              Type           Power        Failure   Level
a - Freeze                Ice            100%         1%          1
b - Frozen Ramparts       Ice            100%         1%          3
c - Ozocubu's Armour      Ice            57%          1%          3

Your spell library contained the following spells:

 Spells                   Type           Power        Failure   Level
 Beastly Appendage        Tmut           12%          9%          1
 Hailstorm                Conj/Ice       33%          9%          4
 Ice Form                 Ice/Tmut       33%          9%          4
 Summon Ice Beast         Ice/Summ       33%          9%          4
 Wereblood                Tmut           6%           13%         2
 Spider Form              Tmut/Pois      3%           26%         3
 Blade Hands              Tmut           3%           94%         5


Dungeon Overview and Level Annotations

Branches:
Dungeon (8/15)             Temple (1/1) D:4
   Lair: D:8-11

Altars:
Ashenzari
Cheibriados
Dithmenos
Elyvilon
Fedhas
Gozag
Hepliaklqana
Kikubaaqudgha
Makhleb
Nemelex Xobeh
Okawaru
Qazlal
Ru
Sif Muna
Trog
Uskayaw
Vehumet
Wu Jian
Xom
Yredelemnul
Zin
The Shining One


Message History

The hornet zombie closely misses you.
The hornet zombie resists.
The wall freezes the hornet zombie.
The hornet zombie hits you!
* * * LOW HITPOINT WARNING * * *
You hit the hornet zombie.
The hornet zombie is severely damaged.
The hornet zombie completely resists.
The wall freezes the hornet zombie but does no damage.
The hornet zombie misses you.
Unknown command.
Okay, then.
You barely miss the hornet zombie.
The hornet zombie is severely damaged.
The frozen ramparts melt away.
The hornet zombie hits you.
* * * LOW HITPOINT WARNING * * *
The hornet zombie hits you.
* * * LOW HITPOINT WARNING * * *
You hit the hornet zombie but do no damage.
The hornet zombie is severely damaged.
The hornet zombie hits you!
You die...

##...####.............
##.## ##.......#.##.
#.# ##.....##.##. #.#
##...###.##. #.# ##+#
#.##. #.# #### #.###
#.# ... #.... #.##Z###
## #..@...# ####.#.#
.# .# .# .. ##


You could see a hornet zombie.

Vanquished Creatures
  Pikel (D:5)
  Edmund (D:6)
  3 orc warriors
  3 phantoms
  An ogre (D:5)
  2 centaurs
  2 lemures (D:5)
  13 killer bees (D:7)
  3 wights (D:7)
  3 howler monkeys
  2 bullfrog zombies (D:7)
  2 jellies (D:7)
  3 hounds
  Crazy Yiuf (D:6)
  10 orc priests
  2 bullfrog skeletons
  3 iguanas
  10 orc wizards
  6 worker ants
  A hound zombie (D:5)
  11 adders
  3 gnolls (D:4)
  A howler monkey skeleton (D:4)
  3 shadow imps
  2 white imps (D:7)
  An ufetubus (D:6)
  3 oozes
  An adder skeleton (D:6)
  A worm (D:3)
  A dart slug (D:4)
  5 leopard geckos
  38 orcs
  A ball python (D:3)
  7 giant cockroaches
  8 goblins
  8 hobgoblins
  5 jackals
  2 quokkas
  A ball python skeleton (D:4)
  4 bats
  4 frilled lizards
  8 kobolds
  A quokka skeleton (D:8)
  6 rats
197 creatures vanquished.

Vanquished Creatures (others)
  2 plants (D:6)
2 creatures vanquished.

Grand Total: 199 creatures vanquished

Notes
Turn   | Place    | Note
-------+----------+-------------------------------------------
     0 | D:1      | buriedalive the Deep Elf Ice Elementalist began the quest
                  | for the Orb.
     0 | D:1      | Reached XP level 1. HP: 10/10 MP: 6/6
   492 | D:1      | Reached XP level 2. HP: 10/15 MP: 4/8
   929 | D:2      | Found an iron altar of Okawaru.
  1054 | D:2      | Reached XP level 3. HP: 19/19 MP: 3/10
  1510 | D:2      | Found a sparkling altar of Nemelex Xobeh.
  1517 | D:2      | Found a faded altar of an unknown god.
  1757 | D:2      | Found a burning altar of Makhleb.
  1766 | D:2      | Reached skill level 5 in Ice Magic
  1766 | D:2      | Reached XP level 4. HP: 24/24 MP: 9/12
  2412 | D:2      | Found a basalt altar of Yredelemnul.
  2523 | D:2      | Learned a level 3 spell: Frozen Ramparts
  2527 | D:2      | Learned a level 3 spell: Ozocubu's Armour
  3083 | D:3      | Reached XP level 5. HP: 28/28 MP: 14/14
  3121 | D:3      | Found a shimmering altar of Xom.
  3236 | D:3      | Reached skill level 5 in Spellcasting
  3681 | D:3      | Found an opulent altar of Gozag.
  4496 | D:4      | Reached XP level 6. HP: 20/32 MP: 10/15
  4639 | D:4      | Found a staircase to the Ecumenical Temple.
  4661 | D:4      | Reached skill level 5 in Dodging
  4672 | Temple   | Entered the Ecumenical Temple
  6054 | D:5      | Entered Level 5 of the Dungeon
  6572 | D:5      | Found a radiant altar of Vehumet.
  6692 | D:5      | Reached XP level 7. HP: 33/36 MP: 12/16
  7011 | D:5      | Found a glowing golden altar of the Shining One.
  7268 | D:5      | Noticed Pikel
  7283 | D:5      | Killed Pikel
  7284 | D:5      | Reached XP level 8. HP: 28/41 MP: 7/17
  7841 | D:6      | Noticed Edmund
  7849 | D:6      | Killed Edmund
  8219 | D:6      | Found a white marble altar of Elyvilon.
  8221 | D:6      | Found a hide-covered altar of Uskayaw.
  8236 | D:6      | Found a broken altar of Ashenzari.
  8243 | D:6      | Became a worshipper of Ashenzari the Shackled
  8478 | D:6      | Reached XP level 9. HP: 44/45 MP: 11/18
  8685 | D:6      | Found a runed translucent door.
  8686 | D:6      | Noticed Crazy Yiuf
  8718 | D:6      | Found a snail-covered altar of Cheibriados.
  8725 | D:6      | Found a shimmering altar of Xom.
  8739 | D:6      | Reached skill level 10 in Dodging
  8768 | D:6      | Found a shimmering altar of Xom.
  8778 | D:6      | Found a shimmering altar of Xom.
  8979 | D:6      | Killed Crazy Yiuf
  8980 | D:6      | Reached skill level 10 in Ice Magic
 10396 | D:7      | Found a shimmering blue altar of Sif Muna.
 11051 | D:8      | Slain by a hornet zombie

Illustrated notes

Levels and vault maps discovered:
D:1:      minmay_arrival_checkered_box, layout_loops_cross,
          minmay_misc_feat_pillars, kennysheep_crisscross,
          corexii_hall_statues_i, hex_large
D:2:      layout_loops_corners, makhleb_heckhound_becter, lemuel_doored_altar,
          okawaru_trees_2, nemelex_xobeh_ov_fountains_minmay,
          chequers_ecumenical_altar_simple
D:3:      minmay_bubble_buster, layout_loops_ring, nicolae_gozag_seed_capital,
          lemuel_crystal_altar
D:4:      layout_basic, minmay_temple_entry_trees, serial_curves,
          eino_curves_01, eino_curves_01
D:5:      layout_basic, nicolae_overflow_crystal_walls,
          overflow_temple_1_default, chequers_serial_rivers_small_a, uniq_pikel
D:6:      layout_basic, overflow_temple_1_default,
          gammafunk_temple_overflow_forgotten, xom_redecorated, uniq_edmund,
          uniq_crazy_yiuf_cottage
D:7:      layout_loops_ring, lemuel_blue_sif_altar
D:8:      layout_loops_corners
Temple:   jpeg_temple_island

Skill      XL: |  1  2  3  4  5  6  7  8  9 |
---------------+----------------------------+-----
Dodging        | 3 4 6 8 9 11 | 11.7
Spellcasting   | 4 5 |  5.0
Ice Magic      | 5 6 7 8 9 11 | 11.4
Stealth        | |  2.4

Action                   |  1- 3 |  4- 6 |  7- 9 || total
-------------------------+-------+-------+-------++-------
Melee: Unarmed           |     7 |       |       ||     7
       Dagger            |    27 |    71 |       ||    98
       Rapier            |       |    20 |   227 ||   247
       Short sword       |       |     8 |       ||     8
 Cast: Freeze            |    25 |    38 |    15 ||    78
       Frozen Ramparts   |       |    20 |    33 ||    53
       Ozocubu's Armour  |       |     3 |    10 ||    13
Evoke: Wand              |       |       |    10 ||    10
  Use: Scroll            |       |     6 |    11 ||    17
       Potion            |       |     2 |     3 ||     5
 Stab: Sleeping          |     5 |     7 |     4 ||    16
Armor: Robe              |    11 |    24 |    40 ||    75
Dodge: Dodged            |    44 |    94 |   246 ||   384
